 Dungeon Crawl Stone Soup version 0.27-a0-1332-g84bddb5ca7 (webtiles) character file.

Game seed: 1376541981194849796

88353 tilp the Convoker (level 15, -20/120 HPs)
             Began as a Barachi Summoner on June 25, 2021.
             Was the Champion of Okawaru.
             Demolished by a large abomination (28 damage)
             ... on level 2 of the Abyss on June 26, 2021.
             The game lasted 01:34:30 (52666 turns).

tilp the Convoker (Barachi Summoner)               Turns: 52666, Time: 01:34:31

Health: -20/120    AC: 22    Str: 14    XL:     15   Next: 93%
Magic:  14/27      EV: 14    Int: 16    God:    Okawaru [******]
Gold:   1059       SH:  6    Dex: 14    Spells: 6/30 levels left

rFire    . . .     SeeInvis +   a - +5 demon trident (vamp)
rCold    + . .     Faith    +   P - +1 buckler {reflect}
rNeg     + . .     Spirit   .   E - +3 ring mail {rC+}
rPois    +         Reflect  +   q - +1 helmet
rElec    .         Harm     .   v - +0 cloak
rCorr    .         Rampage  .   o - +2 pair of gloves "Remepnachi" {rPois SInv Stlth+}
Will     +....                  J - +1 pair of boots {Fly}
Stlth    +++.......             r - amulet of faith
HPRegen  0.30/turn              l - ring "Tasmanul" {rPois rN+ Slay+2}
MPRegen  0.20/turn              t - +4 ring of protection

@: flying, slow
A: amphibious, slowness 1, strong legs 2, +LOS
a: Hop, Renounce Religion, Heroism, Finesse


You were on level 2 of the Abyss.
You worshipped Okawaru.
Okawaru was exalted by your worship.
You visited 3 branches of the dungeon, and saw 23 of its levels.
You visited the Abyss 1 time.
You also visited: Ossuary and Ice Cave.

You collected 3093 gold pieces.
You spent 2034 gold pieces at shops.

Inventory:

Hand Weapons
 a - a +5 vampiric demon trident (weapon)
 c - a +0 glaive
 n - a +4 glaive
Missiles
 w - 52 poisoned darts (quivered)
 T - 6 atropa-tipped darts
Armour
 o - the +2 pair of gloves "Remepnachi" (worn) {rPois SInv Stlth+}
   (Okawaru gifted it to you on level 2 of the Orcish Mines)

   It protects you from poison.
   It lets you see invisible.
   It makes you more stealthy.
 q - a +1 helmet (worn)
 v - a +0 cloak (worn)
 E - a +3 ring mail of cold resistance (worn)
 I - a +2 chain mail of fire resistance
 J - a +1 pair of boots of flying (worn)
 P - a +1 buckler of reflection (worn)
 V - +0 swamp dragon scales
 W - the +6 scale mail "Nionn" {rElec rF- rC+ Int+2}
   (You found it on level 6 of the Lair of Beasts)

   It affects your intelligence (+2).
   It makes you vulnerable to fire.
   It protects you from cold.
   It insulates you from electricity.
Jewellery
 l - the ring "Tasmanul" (left hand) {rPois rN+ Slay+2}
   (You found it on level 8 of the Dungeon)

   [ring of positive energy]

   It affects your accuracy and damage with ranged weapons and melee attacks
   (+2).
   It protects you from poison.
   It protects you from negative energy.
 p - a ring of fire
 r - an amulet of faith (around neck)
 t - a +4 ring of protection (right hand)
 D - an amulet of the acrobat
 M - a ring of protection from cold
Wands
 y - a wand of mindburst (60)
 C - a wand of charming (5)
 F - a wand of acid (22)
 G - a wand of polymorph (20)
 H - a wand of iceblast (27)
 K - a wand of flame (9)
Scrolls
 d - 2 scrolls of summoning
 e - 2 scrolls of teleportation
 f - 5 scrolls of amnesia
 B - 6 scrolls of blinking
 Q - 3 scrolls of magic mapping
 R - a scroll of fear
 S - 2 scrolls of fog
Potions
 b - 2 potions of cancellation
 g - 4 potions of heal wounds
 h - 5 potions of lignification
 i - 2 potions of invisibility
 j - 5 potions of mutation
 k - 2 potions of might
 m - 3 potions of berserk rage
 s - 8 potions of curing
 u - 3 potions of ambrosia
 x - 5 potions of attraction
 z - 6 potions of haste
 A - 4 potions of magic
Miscellaneous
 N - a box of beasts
 O - a phial of floods


   Skills:
 - Level 12.0 Fighting
 + Level 9.7 Polearms
 - Level 6.0 Armour
 - Level 8.0 Dodging
 - Level 4.0 Stealth
 - Level 4.0 Shields
 - Level 8.0 Spellcasting
 - Level 18.0 Summonings
 - Level 4.0 Ice Magic
 - Level 4.0 Air Magic
 + Level 11.0 Invocations
 - Level 6.0 Evocations


You had 6 spell levels left.
You knew the following spells:

 Your Spells              Type           Power      Damage    Failure   Level
a - Summon Small Mammal   Summ           100%       N/A       0%          1
b - Call Imp              Summ           59%        N/A       1%          2
c - Call Canine Familiar  Summ           59%        N/A       1%          3
d - Summon Guardian Gole  Hex/Summ       35%        N/A       1%          3
e - Summon Ice Beast      Ice/Summ       41%        N/A       2%          4
f - Summon Lightning Spi  Summ/Air       41%        N/A       2%          4
g - Summon Hydra          Summ           29%        N/A       11%         7

Your spell library contained the following spells:

 Spells                   Type           Power      Damage    Failure   Level
 Freeze                   Ice            76%        1d9       4%          1
 Shock                    Conj/Air       48%        1d6       9%          1
 Frozen Ramparts          Ice            38%        1d5       12%         3
 Ozocubu's Armour         Ice            19%        N/A       12%         3
 Swiftness                Air            19%        N/A       12%         3
 Corpse Rot               Necr/Air       N/A        N/A       14%         2
 Static Discharge         Conj/Air       12%        N/A       14%         2
 Animate Skeleton         Necr           12%        N/A       21%         1
 Apportation              Tloc           12%        N/A       21%         1
 Corona                   Hex            6%         N/A       21%         1
 Magic Dart               Conj           24%        1d4       21%         1
 Searing Ray              Conj           12%        3d3       30%         2
 Sublimation of Blood     Necr           3%         N/A       30%         2
 Airstrike                Air            9%         N/A       36%         4
 Dazzling Flash           Conj/Hex       12%        N/A       52%         3
 Hailstorm                Conj/Ice       12%        3d5       65%         4
 Ice Form                 Ice/Tmut       12%        N/A       65%         4
 Freezing Cloud           Conj/Ice/Air   7%         6-21      89%         5
 Cause Fear               Hex            3%         N/A       90%         4
 Dispel Undead            Necr           6%         3d8       90%         4
 Fulminant Prism          Conj/Hex       3%         3d6       90%         4
 Iskenderun's Mystic Bla  Conj/Tloc      6%         2d4       90%         4
 Lightning Bolt           Conj/Air       6%         1d18      94%         5
 Metabolic Englaciation   Hex/Ice        6%         N/A       94%         5
 Silence                  Hex/Air        6%         N/A       94%         5
 Agony                    Necr           6%         N/A       99%         5
 Excruciating Wounds      Necr           3%         N/A       99%         5
 Yara's Violent Unravell  Hex/Tmut       3%         3d4       99%         5
 Simulacrum               Ice/Necr       6%         N/A       100%        6
 Spellforged Servitor     Conj/Summ      17%        N/A       99%         7
 Ozocubu's Refrigeration  Ice            9%         4d6       100%        7
 Discord                  Hex            3%         N/A       100%        8


Dungeon Overview and Level Annotations

Branches:
Dungeon (15/15)            Temple (0/1) D:7            Lair (6/6) D:11
 Shoals (0/4) Lair:4        Snake (0/4) Lair:4        Slime (0/5) Lair:5
    Orc (2/2) D:9             Elf (0/3) Orc:2        Vaults (0/5) D:13
 Depths (0/5) D:15        Ossuary (visited)           IceCv (visited)

Altars:
Elyvilon
Fedhas
Nemelex Xobeh
Okawaru
Ru
Trog
Vehumet
Xom
Yredelemnul
The Shining One
Beogh
Jiyva

Shops:
D:6 **   D:13 *   D:15 *   Orc:1 (   Orc:2 (?!=

Annotations:
D:11 1 exclusion
D:12 exclusion: manticore, Jorgrun
D:13 3 runed translucent doors, exclusion: dancing weapon, Plog's ghost, journeyman DsBe
Orc:1 3 runed translucent doors, Ugacaf Anogg's ghost, journeyman GrFi


Innate Abilities, Weirdness & Mutations

You are amphibious.
You cover ground slowly.
You can hop long distances.
You have an extended range of vision and can be seen from far away.


Message History

Reach: a) +5 demon trident (vamp)
Press: ? - help, Dir - move target, f/p - wretched star
Aim: a wretched star (heavily damaged, ally target, about 27% to evade your +5 vampiric demon trident)
You reach to attack!
You hit the wretched star but do no damage.
The wretched star is heavily damaged.
Your four-headed hydra barely misses the wretched star.
Your four-headed hydra bites the wretched star but does no damage.
Your four-headed hydra closely misses the wretched star.
Your four-headed hydra completely misses the wretched star.
The large abomination misses you.
Unknown command.
Reach: a) +5 demon trident (vamp)
Press: ? - help, Dir - move target, f/p - wretched star
Aim: a wretched star (moderately damaged, ally target, about 27% to evade your +5 vampiric demon trident)
You could not reach far enough!
You feel your health improve.
Unknown command.
Unknown command.
Reach: a) +5 demon trident (vamp)
Press: ? - help, Dir - move target, f/p - wretched star
Aim: a wretched star (moderately damaged, ally target, about 27% to evade your +5 vampiric demon trident)
You reach to attack!
You impale the wretched star!!
The wretched star is severely damaged.
Your four-headed hydra bites the wretched star. x2
Your four-headed hydra barely misses the wretched star.
Your four-headed hydra misses the wretched star.
The large abomination hits you!!
* * * LOW HITPOINT WARNING * * *
Unknown command.
Reach: a) +5 demon trident (vamp)
Press: ? - help, Dir - move target, f/p - wretched star
Aim: a wretched star (almost destroyed, ally target, about 27% to evade your +5 vampiric demon trident)
You could not reach far enough!
Your four-headed hydra misses the wretched star.
Your four-headed hydra barely misses the wretched star.
Your four-headed hydra closely misses the wretched star.
Your four-headed hydra bites the wretched star!
The large abomination hits you!!
You die...

## .# .# ##.. .#
##. .# .# .....
.# ?.#.# .#
.##...## ..
#..*#..# #
#.D..# . #@..##
..#
#?##X#.##..####
#..Z...# .... #
...#.... ..# .
## ####..##..
#...#. .....
.........##.# #.
#....#..#..##..#
##.....#.....##
#..
##...####...# ..
.#


You could see a wretched star (ally target), a large abomination, a shadow
dragon skeleton and a friendly four-headed hydra (summoned).

Vanquished Creatures
  Nessos (D:12)
  Azrael (D:12)
  A fire dragon (D:15)
  A hydra (Lair:6)
  A centaur warrior (D:15)
  An ice dragon (D:15)
  5 two-headed ogres
  A boulder beetle (D:11)
  A merfolk avatar (Lair:6)
  A dancing weapon (D:13)
  2 death yaks
  An orc high priest (Orc:2)
  5 hell knights (D:14)
  A phantasmal warrior (D:14)
  2 large abominations (Abyss:2)
  4 orc knights
  3 orc sorcerers (Orc:2)
  2 necromancers (D:14)
  11 ugly things
  A deep elf pyromancer (D:13)
  4 cyclopes
  3 centaur zombies (D:11)
  9 elephants (Lair:6)
  An elephant (shapeshifter) (D:15)
  An apocalypse crab (Abyss:2)
  2 black mambas
  3 unseen horrors
  6 cane toads
  An ice statue (IceCv)
  2 rime drakes
  A freezing wraith (D:14)
  5 komodo dragons
  3 trolls
  A hornet (Lair:5)
  11 polar bears
  A meliai zombie (D:11)
  9 slime creatures
  8 blink frogs
  2 small abominations (Abyss:2)
  A shadow (D:11)
  A centaur simulacrum (D:15)
  A vampire (Abyss:2)
  2 wraiths
  4 wyverns
  27 yaks
  3 water elementals (D:14)
  A hog (shapeshifter) (D:13)
  A human (shapeshifter) (D:14)
  A human (D:7)
  2 wargs
  3 nagas (Lair:4)
  6 vampire mosquitoes
  8 water moccasins
  7 hell hounds
  A swamp drake (Lair:2)
  12 orc warriors
  A sky beast (D:7)
  3 hornet zombies
  2 necrophages (D:11)
  6 ogres
  6 centaurs
  14 wolves
  8 bullfrogs
  8 nameless horrors
  2 scorpions (D:5)
  Dowan (D:4)
  4 wights
  3 howler monkeys
  4 electric eels
  7 orc priests
  2 centaur skeletons (D:7)
  13 orc wizards
  3 mummies (Ossuary)
  A howler monkey zombie (D:5)
  2 gnolls
  2 adders (D:2)
  An ufetubus (D:5)
  A worm (D:4)
  A dart slug (D:1)
  57 orcs
  4 bats
  2 endoplasms
  3 giant cockroaches
  3 goblins
  A hobgoblin (D:3)
  2 jackals
  3 quokkas
  3 ball pythons
  A frilled lizard (D:3)
  4 goblin zombies (Ossuary)
  A hobgoblin zombie (Ossuary)
  4 kobolds
  2 kobold zombies (Ossuary)
  A quokka skeleton (D:4)
  A rat (D:1)
  A lurking horror (Abyss:2)
388 creatures vanquished.

Vanquished Creatures (collateral kills)
  A frost giant (IceCv)
  5 hydras
  A death knight (D:14)
  2 two-headed ogres (D:11)
  2 centaur warriors
  4 death yaks
  A thrashing horror (Abyss:2)
  2 orc high priests (Orc:2)
  2 hell knights (D:14)
  A slime creature (D:13)
  4 skeletal warriors
  A lindwurm (Lair:5)
  2 orc knights (Orc:2)
  A phantasmal warrior (D:14)
  2 deep elf pyromancers
  An orc sorcerer (Orc:2)
  2 manticores
  The ghost of bmj180 the Conjurer, a novice HuCj of Vehumet (D:5)
  2 cyclopes
  9 ugly things
  The ghost of Mamutox the Ruffian, a novice TrHu of Okawaru (D:5)
  16 elephants
  A frost giant skeleton (Abyss:2)
  Joseph (D:7)
  A black mamba (shapeshifter) (D:15)
  3 black mambas
  2 gargoyles
  4 centaur zombies (D:11)
  12 cane toads
  A large abomination (Abyss:2)
  2 torpor snails (Lair:6)
  8 komodo dragons
  2 rime drakes
  A tengu conjurer (D:15)
  2 ancient zymes (Abyss:2)
  The ghost of MirrMurr the Shield-Bearer, an amateur GnFi (D:5)
  A hornet (Lair:3)
  3 wind drakes
  5 trolls
  11 polar bears
  The ghost of Nosferatu13666 the Insei, an amateur GnTm of Kikubaaqudgha (D:5)
  8 blink frogs
  2 dream sheep (Lair:6)
  A spriggan (Lair:3)
  55 yaks
  3 wraiths
  4 wyverns
  2 fire elementals (D:12)
  3 basilisks
  A neqoxec (Abyss:2)
  7 vampire mosquitoes
  A human (D:7)
  2 acid dragons
  3 hell hounds
  Duvessa (D:4)
  10 water moccasins
  2 sky beasts
  9 orc warriors
  2 swamp drakes
  35 wolves
  4 necrophages
  2 ogres (D:7)
  2 centaurs
  A kobold brigand (D:8)
  2 bullfrogs (D:8)
  A wyvern zombie (D:7)
  A scorpion (D:6)
  2 wights (D:11)
  3 nameless horrors
  A howler monkey (D:8)
  An electric eel (D:8)
  A quasit (Abyss:2)
  3 hounds
  10 orc priests
  A bullfrog skeleton (D:6)
  A jelly (D:5)
  An iguana (D:6)
  12 orc wizards
  A hound zombie (D:5)
  A hound skeleton (D:4)
  A mummy (D:11)
  2 howler monkey zombies
  3 gnolls (D:4)
  7 adders
  A dart slug (D:1)
  35 orcs
  2 endoplasms (D:4)
  3 goblins (D:2)
  8 hobgoblins
  6 jackals
  7 kobolds
  2 quokkas
  A ball python (D:4)
  3 bats
  A frilled lizard (D:1)
  2 goblin zombies (Ossuary)
  A hobgoblin zombie (Ossuary)
  3 rats
415 creatures vanquished.

Vanquished Creatures (others)
  A slime creature (D:13)
  3 yaks
  2 orc warriors
  An ogre (Orc:1)
  A wolf (IceCv)
  An orc wizard (Orc:1)
  60 fungi
  57 plants
  3 withered plants (D:11)
129 creatures vanquished.

Grand Total: 932 creatures vanquished

Notes
Turn   | Place    | Note
-------+----------+-------------------------------------------
     0 | D:1      | tilp the Barachi Summoner began the quest for the Orb.
     0 | D:1      | Reached XP level 1. HP: 13/13 MP: 3/3
   382 | D:1      | Reached skill level 1 in Fighting
   774 | D:1      | Reached XP level 2. HP: 22/22 MP: 5/5
   777 | D:1      | Learned a level 2 spell: Call Imp
  1058 | D:1      | Found a faded altar of an unknown god.
  1096 | D:1      | Reached skill level 5 in Summonings
  1461 | D:1      | Reached XP level 3. HP: 13/27 MP: 1/6
  3031 | D:2      | Reached XP level 4. HP: 33/33 MP: 8/8
  3626 | D:3      | Reached skill level 6 in Summonings
  4544 | D:3      | Learned a level 3 spell: Call Canine Familiar
  4832 | D:3      | Learned a level 3 spell: Summon Guardian Golem
  5061 | D:4      | Reached XP level 5. HP: 23/39 MP: 2/9
  5344 | D:4      | Noticed a necrophage
  5354 | D:4      | Reached skill level 1 in Shields
  5792 | D:4      | Found a radiant altar of Vehumet.
  5797 | D:4      | Noticed Duvessa
  5798 | D:4      | Noticed Dowan
  5808 | D:4      | Killed Duvessa
  5809 | D:4      | Reached XP level 6. HP: 23/47 MP: 10/10
  5821 | D:4      | Killed Dowan
  6491 | D:4      | Killed a necrophage
  6504 | D:4      | Reached XP level 7. HP: 47/53 MP: 0/11
  7071 | D:5      | Entered Level 5 of the Dungeon
  7137 | D:5      | Found a glowing golden altar of the Shining One.
  7264 | D:5      | Found a runed translucent gate.
  7264 | D:5      | Noticed bmj180's ghost (novice HuCj)
  7266 | D:5      | Found a runed translucent gate.
  7266 | D:5      | Found a runed translucent gate.
  7267 | D:5      | Noticed Mamutox's ghost (novice TrHu)
  7268 | D:5      | Noticed Nosferatu13666's ghost (amateur GnTm)
  7268 | D:5      | Noticed MirrMurr's ghost (amateur GnFi)
  7982 | D:5      | Reached skill level 1 in Evocations
  8122 | D:5      | Found a blossoming altar of Fedhas.
  8128 | D:5      | Found a shimmering altar of Xom.
  8131 | D:5      | Found a sacrificial altar of Ru.
  8587 | D:6      | Reached XP level 8. HP: 55/60 MP: 9/12
  8612 | D:6      | Found Isoffyr's General Store.
  8640 | D:6      | Found Humu Gua's Assorted Antiques.
  8741 | D:6      | Reached skill level 7 in Summonings
  8839 | D:6      | Found a sand-covered staircase.
  8946 | Ossuary  | Entered an ossuary
  8946 | Ossuary  | Noticed a wraith
  8946 | Ossuary  | Noticed a wraith
  8946 | Ossuary  | Noticed a wraith
  9308 | Ossuary  | Noticed a wraith
  9331 | Ossuary  | Killed a wraith
  9332 | Ossuary  | Reached skill level 8 in Summonings
 10170 | D:6      | Bought a potion of degeneration for 14 gold pieces
 10431 | D:7      | Reached skill level 5 in Fighting
 10811 | D:7      | Found an iron altar of Okawaru.
 10844 | D:7      | Reached XP level 9. HP: 63/69 MP: 4/15
 10851 | D:7      | Became a worshipper of Warmaster Okawaru
 10959 | D:7      | Learned a level 4 spell: Summon Ice Beast
 11174 | D:7      | Noticed Joseph
 11199 | D:7      | Killed Joseph
 11200 | D:7      | Reached skill level 1 in Invocations
 11726 | D:7      | Reached * piety under Okawaru
 12123 | D:7      | Found a staircase to the Ecumenical Temple.
 13135 | D:7      | Reached skill level 1 in Ice Magic
 13193 | D:6      | Bought a +3 ring mail of cold resistance for 364 gold
                  | pieces
 13678 | D:8      | Identified the ring "Tasmanul" {rPois rN+ Slay+2}
 13699 | D:8      | Reached ** piety under Okawaru
 14013 | D:8      | Reached skill level 5 in Spellcasting
 14018 | D:8      | Reached skill level 9 in Summonings
 14018 | D:8      | Reached XP level 10. HP: 76/76 MP: 6/18
 14322 | D:8      | Identified the -5 cloak of the Boiling Point {rElec Str+2}
 15413 | D:9      | Found a sparkling altar of Nemelex Xobeh.
 15413 | D:9      | Found a basalt altar of Yredelemnul.
 15413 | D:9      | Noticed a two-headed ogre
 15448 | D:9      | Killed a two-headed ogre
 15448 | D:9      | Reached *** piety under Okawaru
 15449 | D:9      | Reached skill level 10 in Summonings
 15617 | D:9      | You fall into a shaft and drop 1 floor!
 15617 | D:10     | Entered Level 10 of the Dungeon
 15643 | D:10     | Reached skill level 11 in Summonings
 15756 | D:10     | Identified the Guide on the Creative Voyage
 15919 | D:9      | Reached **** piety under Okawaru
 15920 | D:9      | Reached skill level 12 in Summonings
 16427 | D:9      | Found a staircase to the Orcish Mines.
 17038 | D:6      | Bought a smoky white potion for 27 gold pieces
 17486 | D:10     | Reached XP level 11. HP: 32/83 MP: 13/20
 17736 | D:10     | Reached skill level 5 in Armour
 17741 | D:10     | Learned a level 4 spell: Summon Lightning Spire
 17792 | D:10     | Found a white marble altar of Elyvilon.
 18083 | D:11     | Found a staircase to the Lair.
 18099 | D:11     | Noticed a purple ugly thing
 18105 | D:11     | Killed a purple ugly thing
 18105 | D:11     | Reached ***** piety under Okawaru
 18106 | D:11     | Reached skill level 5 in Dodging
 18446 | D:11     | Noticed a two-headed ogre
 18460 | D:11     | Killed a two-headed ogre
 18584 | D:11     | Noticed a brown ugly thing
 18810 | D:10     | Killed a brown ugly thing
 18811 | D:10     | Reached skill level 5 in Invocations
 19719 | D:11     | Received a gift from Okawaru
 19854 | D:11     | Noticed Maurice
 19864 | D:11     | Noticed Maurice
 19864 | D:11     | Maurice changed into Maurice the wyvern
 19868 | D:11     | Killed Maurice the wyvern
 20589 | D:11     | Noticed a cyclops
 20612 | D:11     | Killed a cyclops
 20892 | D:11     | Noticed a two-headed ogre
 21233 | D:11     | Killed a two-headed ogre
 21382 | D:11     | Noticed a six-headed hydra
 21382 | D:11     | Noticed a wizard
 21604 | Lair:1   | Entered Level 1 of the Lair of Beasts
 21943 | Lair:1   | Noticed a six-headed hydra
 22303 | Lair:1   | Reached skill level 1 in Air Magic
 22443 | D:10     | Reached XP level 12. HP: 46/92 MP: 3/21
 22917 | Lair:1   | Killed a six-headed hydra
 23583 | Lair:2   | Received a gift from Okawaru
 25787 | Lair:3   | Reached skill level 13 in Summonings
 26574 | Lair:3   | Received a gift from Okawaru
 27566 | Lair:4   | Found a frozen archway.
 27581 | IceCv    | Entered an ice cave
 27586 | IceCv    | Reached ****** piety under Okawaru
 27594 | IceCv    | Received a gift from Okawaru
 27725 | IceCv    | Reached skill level 14 in Summonings
 28742 | IceCv    | Identified the +8 dagger of Wuke {drain, Will+ Str+4}
 29532 | IceCv    | Reached skill level 15 in Summonings
 29535 | IceCv    | Received a gift from Okawaru
 29537 | IceCv    | Gained mutation: You can hop long distances. [Barachi
                  | growth]
 29537 | IceCv    | Reached XP level 13. HP: 47/98 MP: 6/25
 30314 | IceCv    | Noticed a frost giant
 30351 | IceCv    | Killed a frost giant
 30744 | IceCv    | Reached skill level 10 in Fighting
 31453 | Lair:4   | Received a gift from Okawaru
 31745 | Lair:4   | Found a staircase to the Snake Pit.
 32139 | Lair:4   | Found a staircase to the Shoals.
 32814 | Lair:3   | Reached skill level 5 in Evocations
 33387 | Lair:5   | Reached skill level 1 in Polearms
 34507 | Lair:5   | Found a viscous altar of Jiyva.
 34508 | Lair:5   | Found a staircase to the Slime Pits.
 34929 | Lair:6   | Entered Level 6 of the Lair of Beasts
 34949 | Lair:6   | Identified the +6 quarterstaff "Wosekeh" {freeze, Str+4}
                  | (Okawaru gifted it to you on level 6 of the Lair of Beasts)
 34949 | Lair:6   | Received a gift from Okawaru
 34964 | Lair:6   | Identified the +6 scale mail "Nionn" {rElec rF- rC+ Int+2}
 36099 | Lair:6   | Reached XP level 14. HP: 91/113 MP: 12/26
 36597 | Lair:6   | Reached skill level 5 in Polearms
 37235 | Lair:6   | Identified the +9 plate armour "Dota" {rPois rF+} (Okawaru
                  | gifted it to you on level 6 of the Lair of Beasts)
 37235 | Lair:6   | Received a gift from Okawaru
 38544 | Lair:6   | Identified Sif Muna's Collected Works on the Escort
 38723 | Lair:6   | Learned a level 7 spell: Summon Hydra
 39205 | D:5      | Killed Mamutox's ghost
 39209 | D:5      | Killed MirrMurr's ghost
 39215 | D:5      | Killed Nosferatu13666's ghost
 39220 | D:5      | Killed bmj180's ghost
 39526 | Orc:1    | Entered Level 1 of the Orcish Mines
 39545 | Orc:1    | Found Cotunes's Weapon Shoppe.
 39882 | Orc:1    | Found a runed translucent gate.
 39882 | Orc:1    | Found a runed translucent gate.
 39882 | Orc:1    | Found a runed translucent gate.
 39893 | Orc:1    | Noticed Ugacaf Anogg's ghost (journeyman GrFi)
 39959 | Orc:2    | Entered Level 2 of the Orcish Mines
 41006 | Orc:2    | Found a staircase to the Elven Halls.
 41524 | Orc:2    | Reached skill level 10 in Invocations
 41910 | Orc:2    | Identified the +2 pair of gloves "Remepnachi" {rPois SInv
                  | Stlth+} (Okawaru gifted it to you on level 2 of the Orcish
                  | Mines)
 41910 | Orc:2    | Received a gift from Okawaru
 42211 | Orc:2    | Found Ecoduabi's Jewellery Boutique.
 42211 | Orc:2    | Found Wuohis's Antique Weapon Boutique.
 42261 | Orc:2    | Found Kigrassa's Distillery.
 42261 | Orc:2    | Found Joipsug's Magic Scroll Emporium.
 42281 | Orc:2    | Bought a scroll of enchant weapon for 82 gold pieces
 42325 | Orc:2    | Bought a potion of cancellation for 104 gold pieces
 42325 | Orc:2    | Bought a potion of heal wounds for 65 gold pieces
 42330 | Orc:2    | Bought an amulet of faith for 600 gold pieces
 42517 | D:12     | Noticed Jorgrun
 42959 | D:12     | Noticed Nessos
 42964 | D:12     | Killed Nessos
 43264 | D:12     | Noticed Azrael
 43316 | D:12     | Reached skill level 16 in Summonings
 43460 | D:12     | Killed Azrael
 43461 | D:12     | Reached XP level 15. HP: 100/120 MP: 25/27
 45224 | D:13     | Found a runed translucent gate.
 45224 | D:13     | Found a runed translucent gate.
 45224 | D:13     | Found a runed translucent gate.
 45233 | D:13     | Noticed Plog's ghost (journeyman DsBe)
 45526 | D:13     | Found a gate to the Vaults.
 45583 | D:13     | Found Kuubluta's Demolitions Depot.
 45617 | D:13     | Reached skill level 17 in Summonings
 46262 | D:14     | Received a gift from Okawaru
 48273 | D:14     | HP: 4/120 [hell knight (6)]
 48921 | D:14     | Reached skill level 18 in Summonings
 49570 | D:15     | Entered Level 15 of the Dungeon
 49640 | D:15     | Identified the +10 trident of Rotation {flame, rF+}
                  | (Okawaru gifted it to you on level 15 of the Dungeon)
 49640 | D:15     | Received a gift from Okawaru
 50000 | D:15     | Found Miqir's Assorted Antiques.
 50471 | D:15     | Found a bloodstained altar of Trog.
 50717 | D:15     | Found a staircase to the Depths.
 50879 | D:15     | Found a sacrificial altar of Ru.
 51508 | D:15     | Bought an ancient leather armour for 189 gold pieces
 51508 | D:15     | Identified the +0 leather armour of the Poles {rN++ Regen+
                  | Dex-3} (You bought it in a shop on level 15 of the Dungeon)
 51508 | D:15     | Bought a runed buckler for 202 gold pieces
 51671 | D:6      | Bought a scroll of enchant armour for 232 gold pieces
 51671 | D:6      | Bought a potion of heal wounds for 155 gold pieces
 52185 | D:11     | Cast into level 2 of the Abyss (a wizard)
 52362 | Abyss:2  | Noticed a lich
 52548 | Abyss:2  | Received a gift from Okawaru
 52611 | Abyss:2  | Found a corrupted altar of Lugonu.
 52666 | Abyss:2  | Demolished by a large abomination

Illustrated notes

Levels and vault maps discovered:
D:1:      lemuel_arrival_tunnels, layout_rooms,
          shapermc_ecumenical_altar_mp_vishouse
D:2:      layout_basic, serial_curves, eino_curves_03, eino_curves_02
D:3:      layout_basic
D:4:      layout_loops_cross, vehumet_crystals, uniq_crazy_yiuf_cottage,
          uniq_duvessa
D:5:      layout_loops_ring, tso_oasis_becter, minmay_overflow_temple_star_quad,
          gammafunk_ghost_cemetery
D:6:      layout_cave_pools, nicolae_ossuary_entry_ruins, serial_shops, shop,
          shop, st_stairs_3
D:7:      layout_basic, okawaru_humans, minmay_temple_entry_trees,
          corexii_corridor_pit, moated_statue, uniq_joseph
D:8:      layout_basic, nicolae_water_bricks, chequers_serial_rivers_micro_b,
          minmay_quadrilaterals
D:9:      layout_roguey [special_room_orc], jmf_multi_god_temple, erik_orc_1,
          serial_co_window_serial, co_window_paths_a, co_window_corner_a,
          co_window_of_opportunity_a, co_window_corner_a, co_window_corner_a,
          co_window_broadway_a, co_window_2corner, co_window_of_opportunity_c,
          co_window_broadway_b, co_window_4corner_a, glass_columns_b,
          glass_columns_a, glass_columns_b, glass_columns_c, glass_columns_a
D:10:     layout_basic, general_overflow_altar, grunt_decor_one_mirror
D:11:     minmay_the_grid_octo_2x2 [minmay_the_grid_octo_chip,
          minmay_the_grid_octo_pinwheel, minmay_the_grid_octo_fan_narrow,
          minmay_the_grid_octo_prize_star], layout_irregular_city,
          lair_entry_dummy, serial_undead, serial_undead_f, serial_undead_a,
          serial_undead_f, serial_undead_b, serial_undead_e, serial_undead_e,
          serial_undead_c, serial_undead_e, uniq_maurice
D:12:     minmay_recursive_quarters, layout_loops_ring, uniq_jorgrun,
          uniq_nessos, uniq_azrael
D:13:     layout_gridville, erik_vaults_1, gammafunk_ghost_necromancy,
          nicolae_blasting_shop
D:14:     layout_loops_corners, chequers_big_river, minmay_rotating_lava
D:15:     grunt_enter_depths_hoard, layout_gridville,
          nicolae_ru_sacrificial_ziggurat, serial_shops, shop_coins, bloody_trog
Lair:1:   layout_regular_city, beast_lair_carwin_11, infiniplex_staircase_pool
Lair:2:   layout_misc_corridors, pond
Lair:3:   layout_long_grid, grunt_forest_large_clearings
Lair:4:   layout_roguey, minmay_shoals_entry_beasts,
          minmay_snake_entry_guardpost_small, portal_ice_cave_entry_pillars_1
Lair:5:   layout_regular_city, slime_altar_1, serial_bayou_shore_a
Lair:6:   gammafunk_lair_ancient_temple, layout_big_grid,
          chequers_serial_rivers_micro_a
Orc:1:    layout_caves, serial_shops, nicolae_shop_statue_plus,
          gammafunk_ghost_necromancy
Orc:2:    st_orc_elflike, layout_caves
Abyss:2:  base: D:1, patterned_corridor, minivault_24, minivault_24,
          evilmike_abyss_exit_vortex, hangedman_abyss_river_spirits,
          onia_ninara_dug_in_and_dangerous, eino_small_chamber_without_monster

Skill      XL: |  1  2  3  4  5  6  7  8  9 10 11 12 13 14 15 |
---------------+----------------------------------------------+-----
Fighting       | 2 3 4 6 8 11 12 | 12.0
Summonings     | 5 6 8 9 12 15 16 18 | 18.0
Spellcasting   | 3 4 5 6 8 |  8.0
Stealth        | 2 3 4 |  4.0
Shields        | 2 4 |  4.0
Dodging        | 3 4 6 7 8 |  8.0
Evocations     | 4 6 |  6.0
Armour         | 2 4 6 |  6.0
Invocations    | 4 8 10 11 | 11.0
Ice Magic      | 4 |  4.0
Air Magic      | 1 4 |  4.0
Polearms       | 4 8 9 |  9.7

Action                   |  1- 3 |  4- 6 |  7- 9 | 10-12 | 13-15 || total
-------------------------+-------+-------+-------+-------+-------++-------
Melee: Dagger            |    18 |   107 |   104 |       |       ||   229
       Spear             |    83 |    15 |       |       |       ||    98
       Trident           |       |       |   336 |   946 |   120 ||  1402
       Demon trident     |       |       |       |       |  1471 ||  1471
Throw: Dart              |       |       |     2 |     2 |     4 ||     8
 Cast: Summon Small Mamm |    16 |     1 |     2 |       |       ||    19
       Call Imp          |    40 |    24 |    55 |     6 |       ||   125
       Call Canine Famil |       |    11 |    53 |    20 |     4 ||    88
       Summon Guardian G |       |       |     5 |     6 |     1 ||    12
       Summon Ice Beast  |       |       |       |   228 |   293 ||   521
       Summon Lightning  |       |       |       |    13 |    88 ||   101
       Summon Hydra      |       |       |       |       |    22 ||    22
Invok: Heroism           |       |       |     1 |    12 |    32 ||    45
 Abil: Hop               |     3 |     2 |     2 |    10 |    10 ||    27
Evoke: Wand              |       |     5 |     3 |    25 |     9 ||    42
       Box of beasts     |       |       |       |     1 |     1 ||     2
       Phial of floods   |       |       |       |     1 |       ||     1
  Use: Scroll            |     2 |     2 |    15 |    11 |    10 ||    40
       Potion            |       |       |     2 |     1 |     1 ||     4
 Stab: Sleeping          |     7 |     6 |     1 |     3 |     2 ||    19
       Distracted        |       |     1 |     7 |    11 |    27 ||    46
Armor: Robe              |    24 |     9 |       |       |       ||    33
       Leather armour    |       |     8 |       |       |       ||     8
       Ring mail         |       |    14 |   202 |   777 |   678 ||  1671
Dodge: Dodged            |    75 |    75 |   213 |   796 |   866 ||  2025
Block: Buckler           |       |       |    63 |   322 |   353 ||   738

Table legend: (Time is in decaauts)
 A = Elapsed time spent in this place.
 B = Non-inter-level travel time spent in this place.
 C = Inter-level travel time spent in this place.
 D = Time resting spent in this place.
 E = Time spent auto-exploring this place.
 F = Levels seen in this place.
 G = Mean time per level.
                   A        B        C        D        E       F      G
               +--------+--------+--------+--------+--------+-----+--------+
         Total |  57061 |  53790 |   3271 |  16265 |  26899 |  26 | 2194.7 |
       Dungeon |  34392 |  31955 |   2437 |  10234 |  16147 |  15 | 2292.8 |
          Lair |  14033 |  13406 |    627 |   2635 |   8352 |   6 | 2338.8 |
  Orcish Mines |   3098 |   2892 |    206 |    593 |   1633 |   2 | 1549.0 |
         Abyss |    548 |    548 |      0 |      0 |      0 |   1 |  548.0 |
       Ossuary |    928 |    928 |      0 |    375 |     42 |   1 |  928.0 |
      Ice Cave |   4060 |   4060 |      0 |   2427 |    724 |   1 | 4060.0 |
               +--------+--------+--------+--------+--------+-----+--------+

Top non-repeatable levels by time:
   IceCv: 4060 daAuts
    D:14: 3752 daAuts
    D:11: 3633 daAuts
     D:7: 3396 daAuts
  Lair:6: 3381 daAuts
    D:10: 2798 daAuts
  Lair:2: 2650 daAuts
     D:8: 2367 daAuts
  Lair:5: 2350 daAuts
  Lair:3: 2131 daAuts
     D:9: 2129 daAuts
     D:3: 2122 daAuts
     D:1: 2072 daAuts
    D:13: 1962 daAuts
   Orc:2: 1919 daAuts
